 Dungeon Crawl Stone Soup version bcrawl-1.21.2-20-g6d45ba5942 (webtiles) character file.

Game seed: 8851992633625066668

506 BeastOfSaturn the Slasher (level 7, -3/43 HPs)
             Began as a Vine Stalker Berserker on Mar 1, 2020.
             Was a Believer of Trog.
             Slain by a bullfrog (6 damage)
             ... on level 4 of the Dungeon.
             The game lasted 00:07:49 (2575 turns).

BeastOfSaturn the Slasher (Vine Stalker Berserker)  Turns: 2575, Time: 00:07:50

Health: -3/43      AC:  6    Str: 20    XL:     7   Next: 18%
Magic:  8/8        EV: 12    Int:  7    God:    Trog [**....]
Gold:   239        SH:  1    Dex: 15    Spells: 6/6 levels left

rFire    . . .     SeeInvis .   a - +0 falchion
rCold    . . .     Gourm    .   (no shield)
rNeg     . . .     Faith    .   m - +0 ring mail
rPois    .         Spirit   .   (no helmet)
rElec    .         Reflect  .   k - +0 cloak
rCorr    .         Harm     .   (no gloves)
MR       ++...                  (no boots)
Stlth    +.........             (no amulet)
HPRegen  1.54/turn              (no ring)
MPRegen  0.11/turn              (no ring)

@: regenerating
A: fangs 3, regeneration 1, no potion heal 3, rot immunity, strong jaws
a: Berserk, Trog's Hand, Renounce Religion


You were on level 4 of the Dungeon.
You worshipped Trog.
Trog was pleased with you.
You were hungry.

You visited 1 branch of the dungeon, and saw 4 of its levels.

You collected 239 gold pieces.

Inventory:

Hand Weapons
 a - a +0 falchion (weapon)
Missiles
 h - a throwing net (quivered) {!f}
Armour
 b - a +0 animal skin
 k - a +0 cloak (worn)
 m - a +0 ring mail (worn)
Jewellery
 q - an uncursed ring of magical power
Wands
 g - a wand of polymorph (8)
 p - a wand of flame (29)
Scrolls
 c - 4 scrolls of identify {unknown}
 d - a scroll of amnesia {unknown}
 f - 2 scrolls of remove curse {unknown}
 o - a scroll of fog {unknown}
 r - a scroll of enchant weapon {unknown}
Potions
 i - a potion of mutation {unknown}
 j - a potion of might {unknown}
 l - a potion of flight {unknown}
 n - a potion of curing {unknown}
Comestibles
 e - 4 rations {!d}


   Skills:
 * Level 4.2 Fighting
 * Level 5.0 Long Blades
 * Level 3.2 Armour
 + Level 3.3 Dodging


You had 6 spell levels left.
You didn't know any spells.
Your spell library was empty.

Dungeon Overview and Level Annotations

Branches:
Dungeon (4/12)
 Temple: D:4-7

Altars:
Vehumet
Zin


Innate Abilities, Weirdness & Mutations

You have razor-sharp teeth.
Your natural rate of healing is unusually fast.
Potions cannot restore your health.
You are immune to rotting.
Your bites deal extra damage.


Message History

The bullfrog closely misses you. The bullfrog misses you.
You hit the bullfrog.
The bullfrog is moderately wounded.
The bullfrog hits you but does no damage.
You hit the bullfrog.
The bullfrog is heavily wounded.
The bullfrog hits you!
* * * LOW HITPOINT WARNING * * *
The bullfrog hits you!
* * * LOW HITPOINT WARNING * * *
The bullfrog swells and bulges.
The bullfrog completely misses you.
The bullfrog hits you but does no damage.
The bullfrog hits you but does no damage.
The bullfrog hits you!
* * * LOW HITPOINT WARNING * * *
Your skin crawls.
You feel resistant to hostile enchantments.
You feel quite a bit more hungry. The bullfrog hits you.
You die...

#######
#.@FS.#
#.###.# .#
#.###.####....
#.##..........
#.##.........#
#.##.####.....
#.##.# ...#
#####.##.# ..#
#..<#.##.# ##


You could see a bullfrog and a ball python.

Vanquished Creatures
  Grinder (D:3)
  A sky beast (D:2)
  A crimson imp (D:3)
  Ijyb (D:3)
  A worker ant (D:4)
  Robin (D:3)
  A gnoll (D:3)
  5 adders (D:3)
  5 worms
  2 dart slugs
  A leopard gecko (D:2)
  2 orcs
  4 giant cockroaches
  10 hobgoblins
  10 jackals
  2 quokkas (D:3)
  A ball python (D:3)
  2 bats
  5 frilled lizards
  8 goblins
  5 kobolds
  5 rats
74 creatures vanquished.

Notes
Turn   | Place    | Note
-------+----------+-------------------------------------------
     0 | D:1      | BeastOfSaturn the Vine Stalker Berserker began the quest
                  | for the Orb.
     0 | D:1      | Reached XP level 1. HP: 13/13 MP: 2/2
   325 | D:1      | Reached XP level 2. HP: 11/18 MP: 3/3
   722 | D:2      | Reached skill level 3 in Long Blades
   856 | D:2      | Reached XP level 3. HP: 23/23 MP: 4/4
   994 | D:2      | Reached ** piety under Trog
  1607 | D:3      | Noticed Grinder
  1612 | D:3      | Paralysed by Grinder for 3 turns
  1633 | D:3      | Paralysed by Grinder for 3 turns
  1638 | D:3      | Killed Grinder
  1638 | D:3      | Reached skill level 4 in Long Blades
  1638 | D:3      | Reached XP level 4. HP: 20/29 MP: 5/5
  1638 | D:3      | Reached XP level 5. HP: 22/33 MP: 6/6
  1638 | D:3      | Gained mutation: You have razor-sharp teeth. [Vine Stalker
                  | growth]
  1638 | D:3      | Reached XP level 6. HP: 26/38 MP: 7/7
  1777 | D:3      | Noticed Ijyb
  1800 | D:3      | Killed Ijyb
  2028 | D:3      | Noticed a sky beast
  2044 | D:3      | Found a radiant altar of Vehumet.
  2065 | D:2      | Killed a sky beast
  2065 | D:2      | Reached XP level 7. HP: 24/43 MP: 8/8
  2164 | D:3      | Found a glowing silver altar of Zin.
  2165 | D:3      | Noticed an angel
  2201 | D:3      | Noticed Robin
  2228 | D:3      | Killed Robin
  2510 | D:4      | Reached skill level 5 in Long Blades
  2573 | D:4      | HP: 1/43 [bullfrog (9)]
  2575 | D:4      | Slain by a bullfrog

Skill      XL: |  1  2  3  4  5  6  7 |
---------------+----------------------+-----
Fighting       | 3 4 |  4.2
Long Blades    | 3 4 5 |  5.0
Armour         | 2 3 |  3.2
Dodging        | 3 |  3.3

Action                   |  1- 3 |  4- 6 |  7- 9 || total
-------------------------+-------+-------+-------++-------
Melee: Falchion          |   135 |    87 |    84 ||   306
       Bite              |    22 |    15 |     6 ||    43
Invok: Trog's Hand       |     2 |     2 |     1 ||     5
       Berserk           |     1 |       |       ||     1
  Use: Potion            |       |     1 |       ||     1
  Eat: Chunk             |     2 |     1 |     1 ||     4
       Ration            |       |     1 |       ||     1
Armor: Animal skin       |    14 |       |       ||    14
       Ring mail         |    13 |    37 |    19 ||    69
Dodge: Dodged            |    96 |    48 |    51 ||   195
Block: Other             |     1 |     5 |     6 ||    12
